 Dungeon Crawl Stone Soup version 0.29.1 (webtiles) character file.

Game seed: 11469227208660873341

6310 qw the Protected (level 10, -13/88 HPs)
             Began as a Minotaur Berserker on Sept 13, 2022.
             Was an Elder of Trog.
             Mangled by Erolcha
             ... wielding a +0 giant spiked club
              (25 damage)
             ... on level 10 of the Dungeon.
             The game lasted 00:02:52 (10261 turns).

qw the Protected (Minotaur Berserker)              Turns: 10261, Time: 00:02:52

Health: -13/88     AC: 24    Str: 26    XL:     10   Next: 64%
Magic:  9/9        EV:  8    Int:  4    God:    Trog [****..]
Gold:   510        SH:  0    Dex: 10    Spells: 9/9 levels left

rFire   . . .      SeeInvis .   Y - +3 war axe
rCold   . . .      Faith    .   (no shield)
rNeg    . . .      Spirit   .   h - +0 plate armour
rPois   .          Reflect  .   a - +2 hat
rElec   .          Harm     .   b - +1 cloak {rCorr}
rCorr   +          Rampage  .   j - +0 pair of gloves
Will    ++...                   g - +0 pair of boots
Stlth   ..........              (no amulet)
HPRegen 1.24/turn               (no ring)
MPRegen 0.11/turn               (no ring)

@: strong-willed, on berserk cooldown, regenerating, slowed, very slow
A: horns 2, retaliatory headbutt
a: Renounce Religion, Berserk, Trog's Hand, Brothers in Arms


You were on level 10 of the Dungeon.
You worshipped Trog.
Trog was greatly pleased with you.
You visited 1 branch of the dungeon, and saw 10 of its levels.

You collected 510 gold pieces.


Innate Abilities, Weirdness & Mutations

You have a pair of horns on your head.
You reflexively headbutt those who attack you in melee.


   Skills:
 - Level 8.1 Fighting
 + Level 13.2 Axes
 - Level 1.4 Throwing
 - Level 14.6 Armour
 - Level 2.1 Dodging


You had 9 spell levels left.
You didn't know any spells.
Your spell library was empty.

Inventory:

Hand Weapons
 m - a +1 vorpal morningstar
 Y - a +3 war axe (weapon)
Missiles
 f - 6 boomerangs (quivered)
Armour
 a - a +2 hat (worn)
 b - a +1 cloak of preservation (worn)
 g - a +0 pair of boots (worn)
 h - a +0 plate armour (worn)
 j - a +0 pair of gloves (worn)
Scrolls
 d - a scroll of identify
Potions
 e - a potion of haste
 i - a potion of might
 k - a potion of magic {unknown}
 l - a potion of attraction {unknown}
 n - 3 potions of curing
 p - a potion of ambrosia {unknown}
 q - a potion of resistance {unknown}

Dungeon Overview and Level Annotations

Branches:
Dungeon (10/15)            Temple (0/1) D:6
   Lair: D:8-11         Orc: D:9-12

Altars:
Dithmenos

Portals:
Bailey: D:7

Annotations:
D:10 Erolcha


Message History

10251 ||| READING scroll of teleportation.
As you read the scroll of teleportation, it crumbles to dust.
You feel strangely unstable. The acid dragon barely misses you.
You furiously retaliate!
You headbutt the acid dragon!
The acid dragon claws you but does no damage.
10252 ||| DRINKING potion of heal wounds.
You feel much better.
The acid dragon bites you but does no damage.
The acid dragon claws you but does no damage.
The kobold demonologist mumbles some strange words.
The kobold demonologist begins to cast a cantrip, but forgets the words!
The acid dragon spits acid at you. The splash of acid hits you. You resist.
You closely miss the acid dragon. Your headbutt misses the acid dragon.
The acid dragon is almost dead.
You hit the white imp. You slash the kobold demonologist!
Your surroundings suddenly seem different.
Erolcha the Cunning comes into view.
She is wielding a +0 giant spiked club.
Erolcha shouts!
Enter note:
10254 ||| INVOKING Trog's Hand.
Your skin crawls.
You feel strong-willed.
Erolcha mumbles some strange words.
Erolcha blinks!
You start resting.
You hear two shouts!
Erolcha is nearby!
Erolcha drinks a potion.
Erolcha seems to speed up.
Erolcha casts a spell.
Erolcha flickers and vanishes!
Deactivating autopickup; reactivate with Ctrl-A.
You swing at nothing.
You closely miss something. Something hits you!!
You closely miss something. Something hits you! x2
You hit something. Something hits you!!
You die...

# # #. .##
#.#######....
#..........#
#..........#
#...@......+
#..........#
#..........#
#............
#...#########
.... ###..
#..


There were no monsters in sight!

Vanquished Creatures
  Pikel (D:6)
  A manticore (D:8)
  A troll (D:10)
  A hornet (D:9)
  4 yaks (D:8)
  Eustachio (D:6)
  3 wyverns
  2 steam dragons (D:8)
  Menkaure (D:6)
  An acid dragon (D:9)
  2 water moccasins
  2 black bears
  An ice beast (D:6)
  An orc warrior (D:8)
  A sky beast (D:8)
  An ogre (D:6)
  2 wolves (D:10)
  2 centaurs
  2 phantoms
  4 kobold brigands
  2 bullfrogs
  3 necrophages
  A gnoll sergeant (D:7)
  4 killer bees (D:9)
  An electric eel (D:10)
  4 orc priests
  A jelly (D:5)
  A gnoll bouda (D:6)
  8 hounds
  An iguana (D:5)
  4 orc wizards
  11 gnolls
  10 adders
  A shadow imp (D:6)
  2 white imps
  An ufetubus (D:6)
  2 worms (D:2)
  4 dart slugs
  29 orcs
  3 endoplasms
  6 giant cockroaches
  8 goblins
  13 hobgoblins
  9 jackals
  5 quokkas
  7 ball pythons
  8 bats
  3 frilled lizards
  27 kobolds
  10 rats
223 creatures vanquished.

Vanquished Creatures (collateral kills)
  An electric eel (D:10)
  A hound (D:10)
2 creatures vanquished.

Grand Total: 225 creatures vanquished

Notes
Turn   | Place    | Note
-------+----------+-------------------------------------------
     0 | D:1      | qw the Minotaur Berserker began the quest for the Orb.
     0 | D:1      | Reached XP level 1. HP: 19/19 MP: 0/0
     0 | D:1      | 0 ||| qw: Version: 0.1-a-119-g272c26d
     0 | D:1      | 0 ||| qw: Game counter: 11303
     0 | D:1      | 0 ||| qw: Always use a shield: true
     0 | D:1      | 0 ||| qw: Do Orc after D:15 true
     0 | D:1      | 0 ||| qw: Do second Lair branch before Depths: true
     0 | D:1      | 0 ||| qw: Lair rune preference: random
     0 | D:1      | 0 ||| qw: Plans: Normal
     0 | D:1      | 0 ||| PLANNING D:1-11
    35 | D:1      | 35 ||| Stepping ~*~*~tactically~*~*~ (hiding).
    80 | D:1      | 80 ||| Stepping ~*~*~tactically~*~*~ (stealth).
   131 | D:1      | Reached XP level 2. HP: 26/26 MP: 1/1
   588 | D:1      | 588 ||| SWAPPING to +0 war axe.
   589 | D:1      | 589 ||| DROPPING +0 hand axe.
  1194 | D:1      | 1194 ||| UPGRADING to +0 ring mail.
  1204 | D:1      | 1204 ||| DROPPING +0 animal skin.
  1205 | D:1      | 1205 ||| DROPPING +0 leather armour.
  1206 | D:1      | 1206 ||| UPGRADING to +0 pair of gloves.
  1211 | D:1      | 1211 ||| READING scroll labelled CAIPPI ZUTE.
  1212 | D:1      | 1212 ||| READING scroll labelled MOPHEG VUULLIJ.
  1213 | D:1      | 1213 ||| READING scroll labelled SAVUXASEUW.
  1260 | D:2      | 1260 ||| STAIRDANCE
  1264 | D:1      | Reached XP level 3. HP: 29/31 MP: 2/2
  1282 | D:2      | Reached ** piety under Trog
  1438 | D:2      | 1438 ||| Stepping ~*~*~tactically~*~*~ (stealth).
  1439 | D:2      | 1439 ||| Stepping ~*~*~tactically~*~*~ (stealth).
  1440 | D:2      | 1440 ||| Stepping ~*~*~tactically~*~*~ (stealth).
  1441 | D:2      | 1441 ||| Stepping ~*~*~tactically~*~*~ (stealth).
  1626 | D:2      | 1626 ||| INVOKING Berserk.
  1746 | D:2      | 1746 ||| Stepping ~*~*~tactically~*~*~ (stealth).
  1755 | D:2      | 1755 ||| INVOKING Berserk.
  1914 | D:2      | 1914 ||| Stepping ~*~*~tactically~*~*~ (stealth).
  2032 | D:2      | 2032 ||| DROPPING +0 club.
  2128 | D:2      | 2128 ||| Stepping ~*~*~tactically~*~*~ (stealth).
  2130 | D:2      | 2130 ||| Stepping ~*~*~tactically~*~*~ (stealth).
  2132 | D:2      | 2132 ||| Stepping ~*~*~tactically~*~*~ (stealth).
  2137 | D:2      | 2137 ||| Stepping ~*~*~tactically~*~*~ (stealth).
  2151 | D:2      | Reached XP level 4. HP: 28/39 MP: 3/3
  2153 | D:2      | Reached skill level 6 in Axes
  2406 | D:2      | 2406 ||| UPGRADING to +1 cloak of preservation.
  2411 | D:2      | 2411 ||| DROPPING amulet of faith.
  2412 | D:2      | 2412 ||| READING scroll labelled QOKHUVV ASTY.
  2413 | D:2      | 2413 ||| DRINKING 2 amethyst potions.
  2414 | D:2      | 2414 ||| DRINKING 2 grey potions.
  2415 | D:2      | 2415 ||| DROPPING potion of degeneration.
  2442 | D:3      | 2442 ||| Stepping ~*~*~tactically~*~*~ (hiding).
  2624 | D:3      | 2624 ||| Stepping ~*~*~tactically~*~*~ (stealth).
  2626 | D:3      | 2626 ||| Stepping ~*~*~tactically~*~*~ (stealth).
  2628 | D:3      | 2628 ||| Stepping ~*~*~tactically~*~*~ (stealth).
  2835 | D:3      | Noticed a water moccasin
  2843 | D:3      | Killed a water moccasin
  2843 | D:3      | Reached *** piety under Trog
  2844 | D:3      | Reached XP level 5. HP: 21/45 MP: 4/4
  2851 | D:3      | HP: 11/45 [poisoned by a water moccasin]
  3232 | D:3      | 3232 ||| Stepping ~*~*~tactically~*~*~ (stealth).
  3233 | D:3      | 3233 ||| Stepping ~*~*~tactically~*~*~ (stealth).
  3350 | D:3      | 3350 ||| Stepping ~*~*~tactically~*~*~ (stealth).
  3351 | D:3      | 3351 ||| Stepping ~*~*~tactically~*~*~ (stealth).
  3487 | D:3      | 3487 ||| UPGRADING to +2 leather armour of poison
                  | resistance.
  3497 | D:3      | 3497 ||| READING 2 scrolls labelled JUPLETW GOGE.
  3498 | D:3      | 3498 ||| READING scroll labelled LUMIEL LUOST.
  3503 | D:3      | 3503 ||| DRINKING 3 metallic blue potions.
  3531 | D:4      | 3531 ||| Stepping ~*~*~tactically~*~*~ (stealth).
  3544 | D:4      | Noticed a centaur
  3548 | D:4      | Killed a centaur
  3549 | D:4      | Reached XP level 6. HP: 32/55 MP: 5/5
  3698 | D:4      | Found a shadowy altar of Dithmenos.
  4112 | D:4      | 4112 ||| READING scroll of enchant weapon.
  4112 | D:4      | 4112 ||| ENCHANTING +1 war axe.
  4347 | D:4      | 4347 ||| DROPPING +0 ring mail.
  4348 | D:4      | 4348 ||| UPGRADING to +0 chain mail.
  4358 | D:4      | 4358 ||| DROPPING +2 leather armour of poison resistance.
  4359 | D:4      | 4359 ||| READING scroll labelled WYSEVI TYTAENG.
  4360 | D:4      | 4360 ||| DRINKING 2 murky sapphire potions.
  4415 | D:4      | 4415 ||| READING 2 scrolls of identify.
  4415 | D:4      | 4415 ||| IDENTIFYING fuming blue potion
  4416 | D:4      | 4416 ||| DRINKING potion of experience.
  4416 | D:4      | Reached skill level 14 in Armour
  4416 | D:4      | Reached XP level 7. HP: 60/60 MP: 6/6
  4417 | D:4      | 4417 ||| DROPPING potion of lignification.
  4448 | D:5      | Entered Level 5 of the Dungeon
  4522 | D:5      | 4522 ||| INVOKING Berserk.
  5059 | D:5      | 5059 ||| DROPPING +0 whip.
  5163 | D:5      | 5163 ||| DROPPING ring of magical power.
  5164 | D:5      | 5164 ||| READING scroll labelled ARERU YREAMN.
  5165 | D:5      | 5165 ||| READING scroll labelled VUPHYSAROA.
  5166 | D:5      | 5166 ||| READING 3 scrolls of identify.
  5166 | D:5      | 5166 ||| IDENTIFYING glowing orange potion
  5167 | D:5      | 5167 ||| READING 2 scrolls of identify.
  5167 | D:5      | 5167 ||| IDENTIFYING cyan potion
  5168 | D:5      | 5168 ||| DROPPING potion of flight.
  5169 | D:5      | 5169 ||| READING scroll of teleportation.
  5248 | D:6      | Found a staircase to the Ecumenical Temple.
  5411 | D:6      | Noticed Eustachio
  5424 | D:6      | 5424 ||| INVOKING Berserk.
  5432 | D:6      | Killed Eustachio
  5433 | D:6      | Reached skill level 9 in Axes
  5433 | D:6      | Reached XP level 8. HP: 67/67 MP: 7/7
  5607 | D:6      | 5607 ||| READING scroll of enchant weapon.
  5607 | D:6      | 5607 ||| ENCHANTING +2 war axe.
  5663 | D:6      | 5663 ||| INVOKING Berserk.
  5846 | D:6      | Noticed Menkaure
  5849 | D:6      | 5849 ||| INVOKING Berserk.
  5853 | D:6      | Killed Menkaure
  6024 | D:6      | 6024 ||| Stepping ~*~*~tactically~*~*~ (stealth).
  6025 | D:6      | Identified the +3 mace of Nasitzopoc {venom, +Blink rPois
                  | Int+2 Dex-2}
  6026 | D:6      | 6026 ||| Stepping ~*~*~tactically~*~*~ (hiding).
  6027 | D:6      | 6027 ||| Stepping ~*~*~tactically~*~*~ (hiding).
  6194 | D:6      | 6194 ||| Stepping ~*~*~tactically~*~*~ (hiding).
  6202 | D:6      | 6202 ||| Stepping ~*~*~tactically~*~*~ (stealth).
  6325 | D:6      | 6325 ||| Stepping ~*~*~tactically~*~*~ (stealth).
  6339 | D:6      | 6339 ||| INVOKING Berserk.
  6499 | D:6      | 6499 ||| INVOKING Berserk.
  6501 | D:6      | Reached skill level 1 in Throwing
  6710 | D:6      | 6710 ||| Stepping ~*~*~tactically~*~*~ (stealth).
  6711 | D:6      | 6711 ||| Stepping ~*~*~tactically~*~*~ (hiding).
  6831 | D:6      | Noticed Pikel
  6832 | D:6      | 6832 ||| Stepping ~*~*~tactically~*~*~ (stealth).
  6838 | D:6      | 6838 ||| INVOKING Berserk.
  6843 | D:6      | Killed Pikel
  6844 | D:6      | Reached skill level 6 in Fighting
  6844 | D:6      | Reached XP level 9. HP: 78/78 MP: 8/8
  7020 | D:6      | 7020 ||| UPGRADING to +2 hat.
  7077 | D:7      | 7077 ||| STAIRDANCE
  7083 | D:7      | 7083 ||| STAIRDANCE
  7091 | D:7      | 7091 ||| STAIRDANCE
  7093 | D:6      | Reached **** piety under Trog
  7161 | D:7      | 7161 ||| Stepping ~*~*~tactically~*~*~ (stealth).
  7164 | D:7      | 7164 ||| Stepping ~*~*~tactically~*~*~ (hiding).
  7257 | D:7      | 7257 ||| Stepping ~*~*~tactically~*~*~ (stealth).
  7473 | D:7      | 7473 ||| Stepping ~*~*~tactically~*~*~ (water).
  7478 | D:7      | Found a flagged portal.
  7713 | D:7      | 7713 ||| UPGRADING to +0 pair of boots.
  7718 | D:7      | 7718 ||| READING scroll labelled FEYLATZY QUDGHESI.
  7719 | D:7      | 7719 ||| READING 2 scrolls of identify.
  7719 | D:7      | 7719 ||| IDENTIFYING fuming white potion
  7727 | D:8      | 7727 ||| INVOKING Berserk.
  7800 | D:8      | 7800 ||| Stepping ~*~*~tactically~*~*~ (hiding).
  7805 | D:8      | 7805 ||| INVOKING Berserk.
  7975 | D:8      | 7975 ||| INVOKING Berserk.
  8090 | D:8      | Noticed a manticore
  8091 | D:8      | 8091 ||| Stepping ~*~*~tactically~*~*~ (hiding).
  8096 | D:8      | 8096 ||| Stepping ~*~*~tactically~*~*~ (stealth).
  8099 | D:8      | 8099 ||| INVOKING Berserk.
  8110 | D:8      | Killed a manticore
  8111 | D:8      | Reached skill level 12 in Axes
  8111 | D:8      | Reached XP level 10. HP: 84/84 MP: 9/9
  8358 | D:8      | 8358 ||| INVOKING Berserk.
  8931 | D:8      | 8931 ||| READING 2 scrolls of identify.
  8931 | D:8      | 8931 ||| IDENTIFYING fizzy amethyst potion
  8932 | D:8      | 8932 ||| DROPPING potion of invisibility.
  9037 | D:9      | 9037 ||| Stepping ~*~*~tactically~*~*~ (stealth).
  9039 | D:9      | 9039 ||| Stepping ~*~*~tactically~*~*~ (hiding).
  9067 | D:9      | 9067 ||| Stepping ~*~*~tactically~*~*~ (stealth).
  9185 | D:9      | 9185 ||| Stepping ~*~*~tactically~*~*~ (stealth).
  9186 | D:9      | 9186 ||| Stepping ~*~*~tactically~*~*~ (stealth).
  9507 | D:9      | 9507 ||| Stepping ~*~*~tactically~*~*~ (stealth).
  9589 | D:9      | 9589 ||| Stepping ~*~*~tactically~*~*~ (stealth).
  9592 | D:9      | 9592 ||| Stepping ~*~*~tactically~*~*~ (stealth).
  9600 | D:9      | 9600 ||| Stepping ~*~*~tactically~*~*~ (stealth).
  9604 | D:9      | 9604 ||| FLEEEEING.
  9607 | D:9      | 9607 ||| FLEEEEING.
  9608 | D:9      | 9608 ||| STAIRDANCE
  9718 | D:8      | 9718 ||| READING scroll labelled YROUG AFEO.
  9719 | D:8      | 9719 ||| READING scroll labelled JOEKHUSTRILE.
  9722 | D:9      | 9722 ||| STAIRDANCE
  9763 | D:9      | 9763 ||| Stepping ~*~*~tactically~*~*~ (stealth).
 10169 | D:9      | 10169 ||| UPGRADING to +0 plate armour.
 10179 | D:9      | 10179 ||| DROPPING +0 chain mail.
 10199 | D:10     | Entered Level 10 of the Dungeon
 10218 | D:10     | 10218 ||| INVOKING Berserk.
 10235 | D:10     | Reached ***** piety under Trog
 10239 | D:10     | 10239 ||| INVOKING Brothers in Arms.
 10240 | D:10     | 10240 ||| INVOKING Brothers in Arms.
 10241 | D:10     | HP: 18/88 [electric eel/bolt of electricity (9)]
 10242 | D:10     | 10242 ||| READING 2 scrolls of teleportation.
 10243 | D:10     | 10243 ||| DRINKING 2 potions of heal wounds.
 10250 | D:10     | HP: 15/88 [acid dragon/splash of acid (11)]
 10251 | D:10     | 10251 ||| READING scroll of teleportation.
 10252 | D:10     | 10252 ||| DRINKING potion of heal wounds.
 10253 | D:10     | Noticed Erolcha
 10254 | D:10     | 10254 ||| INVOKING Trog's Hand.
 10260 | D:10     | HP: 19/88 [something (11)]
 10261 | D:10     | Mangled by Erolcha

Levels and vault maps discovered:
D:1:      dpeg_arrival_solitude, layout_basic, minmay_heptomino_o4
D:2:      layout_loops_ring
D:3:      layout_basic
D:4:      layout_basic, grunt_dithmenos_smoke, feat_on_display
D:5:      layout_loops_ring
D:6:      kennysheep_six_static_rooms, layout_loops_corners,
          chequers_serial_rivers_small_b, minmay_door_square, uniq_pikel,
          uniq_eustachio, uniq_menkaure
D:7:      layout_basic, enter_bailey_4
D:8:      layout_cave_pools, serial_rivers, chequers_serial_rivers_micro_d,
          chequers_serial_rivers_marsh, chequers_serial_rivers_large_b,
          chequers_serial_rivers_micro_b, chequers_serial_rivers_marsh,
          chequers_serial_rivers_small_a, roderic_serpentine_path
D:9:      layout_long_grid, serial_co_window_serial, co_window_corner_a,
          co_window_paths_a, co_window_cross_1, co_window_paths_b,
          co_window_cross_1, co_window_paths_a, co_window_paths_a,
          co_window_of_opportunity_b, co_window_broadway_a,
          co_window_unsneaky_path_a, co_window_corner_ca,
          co_window_of_opportunity_b, co_window_corner_cb, glass_columns_b,
          glass_columns_b
D:10:     layout_irregular_city, erik_lair_island, serial_shops, shop,
          minivault_16, minivault_28, uniq_erolcha

Skill      XL: |  1  2  3  4  5  6  7  8  9 10 |
---------------+-------------------------------+-----
Axes           | 4 5 7 8 9 10 12 13 | 13.2
Fighting       | 4 6 8 |  8.1
Armour         | 14 | 14.6
Throwing       | 1 |  1.4
Dodging        | |  2.1

Action                   |  1- 3 |  4- 6 |  7- 9 | 10-12 || total
-------------------------+-------+-------+-------+-------++-------
Melee: Hand axe          |    39 |       |       |       ||    39
       Headbutt          |    10 |    12 |    27 |    19 ||    68
       Punch             |     2 |       |     2 |       ||     4
       War axe           |    57 |    74 |   205 |    88 ||   424
Throw: Boomerang         |    38 |    43 |    31 |    30 ||   142
Invok: Berserk           |     2 |       |    11 |     2 ||    15
       Trog's Hand       |       |       |       |     1 ||     1
       Brothers in Arms  |       |       |       |     1 ||     1
  Use: Scroll            |     3 |     6 |     8 |     5 ||    22
       Potion            |       |     5 |       |     2 ||     7
Armor: Animal skin       |    15 |       |       |       ||    15
       Ring mail         |    22 |     7 |       |       ||    29
       Leather armour    |       |     8 |       |       ||     8
       Chain mail        |       |       |   127 |    21 ||   148
       Plate armour      |       |       |       |    20 ||    20
Dodge: Dodged            |    58 |    38 |    89 |    33 ||   218

Table legend:
 A = Non-vault XP
 B = Vault XP
 C = Vault XP percentage of total XP
 D = Non-vault monster count
 E = Vault monster count
 F = Vault count percentage of total count
                 A         B        C        D         E       F
            +---------+---------+-------+---------+---------+-------
      Total |    6400 |    2083 |  24.6 |     202 |      23 |  10.2
            +---------+---------+-------+---------+---------+-------
        D:1 |      38 |       3 |   7.3 |      23 |       2 |   8.0
        D:2 |      57 |       0 |   0.0 |      24 |       0 |   0.0
        D:3 |     213 |       0 |   0.0 |      23 |       0 |   0.0
        D:4 |     255 |       0 |   0.0 |      21 |       0 |   0.0
        D:5 |     229 |       0 |   0.0 |       7 |       0 |   0.0
        D:6 |     801 |    1366 |  63.0 |      39 |       9 |  18.8
        D:7 |     753 |       9 |   1.2 |      16 |       5 |  23.8
        D:8 |    2962 |       0 |   0.0 |      29 |       0 |   0.0
        D:9 |     988 |       0 |   0.0 |      18 |       0 |   0.0
       D:10 |     104 |     705 |  87.1 |       2 |       7 |  77.8
            +---------+---------+-------+---------+---------+-------
